 Dungeon Crawl Stone Soup version 0.23.2 (webtiles) character file.

Game seed: 4106578377509811627

81 Illumine the Conjurer (level 4, 0/24 HPs)
             Began as a Deep Elf Conjurer on Oct 14, 2019.
             Killed from afar by Natasha (7 damage)
             ... with a magic dart
             ... on level 2 of the Dungeon.
             The game lasted 00:02:17 (968 turns).

Illumine the Conjurer (Deep Elf Conjurer)            Turns: 968, Time: 00:02:18

Health: 0/24       AC:  2    Str:  5    XL:     4   Next: 20%
Magic:  1/12       EV: 13    Int: 21    God:
Gold:   43         SH:  0    Dex: 15    Spells: 6/12 levels left

rFire    . . .     SeeInvis .   e - +0 short sword
rCold    . . .     Gourm    .   (no shield)
rNeg     . . .     Faith    .   a - +0 robe
rPois    .         Spirit   .   (no helmet)
rElec    .         Reflect  .   (no cloak)
rCorr    .         Harm     .   (no gloves)
MR       .....                  (no boots)
Stlth    ++........             (no amulet)
HPRegen  0.08/turn              (no ring)
MPRegen  0.13/turn              (no ring)

@: slowed, very slow
A: no striking features
a: no special abilities


You were on level 2 of the Dungeon.
You were not hungry.

You visited 1 branch of the dungeon, and saw 2 of its levels.

You collected 43 gold pieces.

Inventory:

Hand Weapons
 e - a +0 short sword (weapon)
Armour
 a - a +0 robe (worn)
Jewellery
 h - a cursed ring of attention {unknown}
Scrolls
 b - 2 scrolls of immolation {unknown}
 d - 3 scrolls of identify {unknown}
 i - 2 scrolls of teleportation {unknown}
Potions
 f - a potion of mutation {unknown}
 g - a potion of haste {unknown}
Comestibles
 c - 3 rations


   Skills:
 - Level 2.4 Dodging
 - Level 2.4 Stealth
 + Level 4.8 Spellcasting
 + Level 5.4 Conjurations


You had 6 spell levels left.
You knew the following spells:

 Your Spells              Type           Power        Failure   Level  Hunger
a - Magic Dart            Conj           ####         1%          1    None
b - Searing Ray           Conj           ####..       1%          2    None
c - Dazzling Spray        Conj/Hex       ###...       11%         3    ##.....

Your spell library contained the following spells:

 Spells                   Type           Power        Failure   Level  Hunger
 Iskenderun's Mystic Bla  Conj           ####....     12%         4    ####...
 Force Lance              Conj/Tloc      ###.....     34%         4    ####...
 Fulminant Prism          Conj/Hex       ###.......   34%         4    ####...


Dungeon Overview and Level Annotations

Branches:
Dungeon (2/15)

Altars:

Annotations:
D:2 Natasha


Message History

The magic dart hits Natasha.
Natasha is severely wounded.
Natasha misses you. Natasha barely misses you.
Natasha stares at you and mumbles some strange words.
The magic dart hits you.
Casting: Magic Dart (safe; 1% risk of failure)
Confirm with . or Enter, or press ? or * to list all spells.
You don't have enough magic to cast that spell.
Unknown command.
You aren't carrying any items that you can evoke.
Unknown command.
You hit Natasha but do no damage.
Natasha is severely wounded.
Natasha misses you. Natasha claws you.
* * * LOW HITPOINT WARNING * * *
You barely miss Natasha.
Natasha is severely wounded.
Natasha casts a spell at you. The magic dart hits you!
You die...

.h.†............ ..
.#.....#.##...# ...
#.....#.##...##...
.......#...........
......†............
.#....##.##...##..
#..#. #.##...# ..
#..#. #.##h.## ...
#..#.##.##@.###.#.
#.................
#.#.##.##........
................#.
.............##...
##.#.##...........
# #.##<##...##...
#..............
####.##...####.


You could see Natasha.

Vanquished Creatures
  Natasha (D:2)
  2 adders (D:2)
  2 oozes (D:1)
  2 leopard geckos (D:2)
  2 bats (D:1)
  3 giant cockroaches
  A goblin (D:1)
  3 hobgoblins (D:1)
  4 jackals (D:1)
  2 frilled lizards (D:1)
  4 kobolds
  4 rats
30 creatures vanquished.

Notes
Turn   | Place    | Note
-------+----------+-------------------------------------------
     0 | D:1      | Illumine the Deep Elf Conjurer began the quest for the Orb.
     0 | D:1      | Reached XP level 1. HP: 10/10 MP: 6/6
    86 | D:1      | Reached XP level 2. HP: 11/15 MP: 0/8
   176 | D:1      | Learned a level 2 spell: Searing Ray
   424 | D:1      | Reached skill level 5 in Conjurations
   426 | D:1      | Reached XP level 3. HP: 19/19 MP: 7/10
   526 | D:2      | Learned a level 3 spell: Dazzling Spray
   918 | D:2      | Noticed Natasha
   922 | D:2      | Killed Natasha
   922 | D:2      | Reached XP level 4. HP: 17/24 MP: 4/12
   946 | D:2      | Noticed Natasha
   968 | D:2      | Killed from afar by Natasha

Skill      XL: |  1  2 |
---------------+-------+-----
Spellcasting   | 4 |  4.8
Conjurations   | 5 |  5.4
Dodging        | |  2.4
Stealth        | |  2.4

Action                   |  1- 3 |  4- 6 || total
-------------------------+-------+-------++-------
Melee: Unarmed           |     1 |       ||     1
       Short sword       |     3 |     6 ||     9
 Cast: Magic Dart        |    59 |     3 ||    62
       Searing Ray       |     1 |     2 ||     3
Dodge: Dodged            |    23 |     8 ||    31
